 Dungeon Crawl Stone Soup version 0.28.0-53-g5a82cb258f (webtiles) character file.

Game seed: 592354588755375127

2743 gobodom the Geomancer (level 9, 0/47 HPs)
             Began as a Gargoyle Earth Elementalist on June 23, 2022.
             Slain by a troll (14 damage)
             ... on level 7 of the Dungeon.
             The game lasted 00:33:42 (7124 turns).

gobodom the Geomancer (Gargoyle Earth Elementalist) Turns: 7124, Time: 00:33:46

Health: 0/47       AC: 13    Str: 12    XL:     9   Next: 68%
Magic:  8/20       EV: 12    Int: 20    God:
Gold:   322        SH:  0    Dex: 10    Spells: 16/23 levels left

rFire   + . .      SeeInvis .   n - +3 dagger (venom)
rCold   . . .      Faith    .   (no shield)
rNeg    + . .      Spirit   .   b - +0 robe
rPois   ∞          Reflect  .   d - +1 hat
rElec   +          Harm     .   (no cloak)
rCorr   .          Rampage  .   (no gloves)
Will    .....                   (no boots)
Stlth   ++........              l - amulet of the acrobat
HPRegen 0.15/turn               g - +4 ring of protection
MPRegen 0.17/turn               f - ring of protection from fire

@: very slightly contaminated, studying Axes
A: sickness immunity, AC +6, negative energy resistance 1, electricity
resistance, torment resistance 1, petrification resistance
a: no special abilities


You were on level 7 of the Dungeon.
You visited 2 branches of the dungeon, and saw 8 of its levels.

You collected 322 gold pieces.

Inventory:

Hand Weapons
 n - a +3 dagger of venom (weapon)
 r - a +4 flail of holy wrath
 t - a +1 antimagic dagger
 y - a +1 flail of protection
 B - a +2 dagger of speed
 C - a +2 trident of protection
Missiles
 c - 5 stones
 q - 6 poisoned darts
 z - 3 boomerangs
Armour
 b - a +0 robe (worn)
 d - a +1 hat (worn)
 x - the +2 leather armour of the Ward {Rampage Will- Str+4}
   (You found it on level 5 of the Dungeon)

   Str:       It affects your strength (+4).
   Rampage:   It bestows one free step when moving towards enemies.
   Will:      It decreases your willpower.
Jewellery
 f - a ring of protection from fire (right hand)
 g - a +4 ring of protection (left hand)
 l - an amulet of the acrobat (around neck)
Wands
 o - a wand of flame (45)
 D - a wand of digging (9)
Scrolls
 e - a scroll of enchant weapon
 m - 2 scrolls of teleportation
 p - 2 scrolls of amnesia
 E - a scroll of noise {unknown}
 F - a scroll of fear
 G - a scroll of magic mapping {unknown}
Potions
 a - a potion of cancellation
 h - 2 potions of attraction
 i - 2 potions of lignification {unknown}
 j - a potion of ambrosia {unknown}
 k - 4 potions of haste {unknown}
 s - a potion of degeneration {unknown}
 u - a potion of mutation {unknown}
 v - a potion of flight {unknown}
 w - 4 potions of heal wounds {unknown}
 A - a potion of brilliance {unknown}


   Skills:
 + Level 1.5 Fighting
 + Level 3.0 Short Blades
 + Level 3.0 Dodging
 + Level 3.5 Stealth
 + Level 0.1 Unarmed Combat
 + Level 7.8 Spellcasting
 + Level 3.0 Conjurations
 + Level 0.3 Necromancy
 + Level 0.9 Transmutations
 + Level 9.8 Earth Magic


You had 16 spell levels left.
You knew the following spells:

 Your Spells              Type           Power      Damage    Failure   Level
a - Sandblast             Erth           94%        2d19      1%          1
b - Passwall              Tmut/Erth      24%        N/A       1%          2
c - Stone Arrow           Conj/Erth      66%        3d11      1%          3
d - Animate Skeleton      Necr           18%        N/A       8%          1

Your spell library contained the following spells:

 Spells                   Type           Power      Damage    Failure   Level
 Static Discharge         Conj/Air       13%        N/A       7%          2
 Pain                     Necr           36%        1d5       8%          1
 Wereblood                Tmut           11%        N/A       9%          2
 Petrify                  Tmut/Erth      29%        N/A       10%         4
 Animate Armour           Summ/Erth      54%        N/A       12%         4
 Vampiric Draining        Necr           9%         2d6       22%         3
 Tukima's Dance           Hex            7%         N/A       26%         3
 Sticky Flame             Conj/Fire      13%        2d4       43%         4
 Dispel Undead            Necr           9%         3d8       58%         4
 Anguish                  Hex/Necr       4%         N/A       63%         4
 Iron Shot                Conj/Erth      16%        9d4       67%         6
 Blade Hands              Tmut           5%         N/A       86%         5
 Enfeeble                 Hex            3%         N/A       100%        7
 Summon Hydra             Summ           3%         N/A       100%        7
 Borgnjor's Revivificati  Necr           4%         N/A       100%        8
 Necromutation            Tmut/Necr      5%         N/A       100%        8
 Death's Door             Necr           4%         N/A       100%        9
 Sublimation of Blood     Necr           Unusable   N/A       N/A         2

Dungeon Overview and Level Annotations

Branches:
Dungeon (7/15)             Temple (1/1) D:6

Altars:
Ashenzari
Cheibriados
Dithmenos
Fedhas
Gozag
Hepliaklqana
Kikubaaqudgha
Nemelex Xobeh
Okawaru
Qazlal
Ru
Sif Muna
Trog
Uskayaw
Vehumet
Wu Jian
Xom
Yredelemnul
Zin
The Shining One

Shops:
D:3 ?   D:4 [   D:5 ?=


Innate Abilities, Weirdness & Mutations

You are immune to sickness and miasma.
Your stone body is resilient. (AC +6)
You are immune to poison.
You resist negative energy. (rN+)
You are resistant to electric shocks. (rElec)
You are resistant to unholy torment.
You are immune to petrification.


Message History

* * * LOW HITPOINT WARNING * * *
The shadow imp misses you.
You hit the shadow imp.
The shadow imp is almost dead.
Your surroundings suddenly seem different.
Found a scroll labelled KUIPEF AS JOK and an inky potion.
Found three altars.
You see here a scroll labelled KUIPEF AS JOK.
Autopickup is now on.
G - a scroll labelled KUIPEF AS JOK You feel a bit more experienced.
k - 4 inky potions (gained 1)
Something unseen opens the door.
You sense a monster nearby.
A troll is nearby!
Casting: Stone Arrow (safe; 1% risk of failure)
Confirm with . or Enter, or press ? or * to list all spells.
Aiming: Stone Arrow (safe; 1% risk of failure)
Press: ? - help, Shift-Dir - straight line, f - troll
Aim: a troll (wandering, hasn't noticed you, 74% to hit)
The stone arrow hits the troll!
The troll is moderately wounded.
The troll shouts!
Casting: Stone Arrow (safe; 1% risk of failure)
Confirm with . or Enter, or press ? or * to list all spells.
Aiming: Stone Arrow (safe; 1% risk of failure)
Press: ? - help, Shift-Dir - straight line, f/p - troll
Aim: a troll (moderately wounded, 74% to hit)
You miscast Stone Arrow.
You are very lightly contaminated with residual magic.
Nothing appears to happen.
Casting: Stone Arrow (safe; 1% risk of failure)
Confirm with . or Enter, or press ? or * to list all spells.
Aiming: Stone Arrow (safe; 1% risk of failure)
Press: ? - help, Shift-Dir - straight line, f/p - troll
Aim: a troll (moderately wounded, 74% to hit)
The stone arrow hits the troll!!
The troll is almost dead.
The troll bites you!
You die...

##.....##
##..⌠.⌠..##
##.........##
#...........#
#...._._..⌠.#
+.....8.....+
#...._._..⌠.#
#...........#
##......@..##
##..⌠.⌠T.##
##.....## ##+##
###'### .##..#
#... ..##..#
#..#.
#..##..###..##
....##..#..###.(
###..##.#....(#


You could see a troll.

Vanquished Creatures
  A komodo dragon (D:7)
  A troll (D:7)
  Edmund (D:4)
  A water moccasin (D:7)
  An orc warrior (D:6)
  A sky beast (D:5)
  A black bear (D:5)
  2 necrophages
  2 ogres (D:5)
  A phantom (D:6)
  2 bullfrogs
  2 scorpions
  2 water moccasin zombies (D:5)
  2 water moccasin skeletons
  A howler monkey (D:4)
  6 hounds
  4 jellies (D:4)
  A bullfrog skeleton (D:5)
  4 iguanas
  Ijyb (D:5)
  Terence (D:2)
  Natasha (thrice) (D:2)
  3 orc wizards
  2 hound skeletons
  5 gnolls
  6 adders
  A shadow imp (D:7)
  3 ufetubi
  2 adder skeletons (D:4)
  A worm (D:3)
  3 dart slugs
  20 orcs
  9 endoplasms
  3 giant cockroaches
  13 hobgoblins
  4 quokkas
  8 ball pythons
  12 bats
  2 frilled lizards
  5 goblins
  9 kobolds
  5 rats
157 creatures vanquished.

Vanquished Creatures (others)
  20 plants (D:3)
20 creatures vanquished.

Grand Total: 177 creatures vanquished

Notes
Turn   | Place    | Note
-------+----------+-------------------------------------------
     0 | D:1      | gobodom the Gargoyle Earth Elementalist began the quest for
                  | the Orb.
     0 | D:1      | Reached XP level 1. HP: 10/10 MP: 3/3
   264 | D:1      | Reached XP level 2. HP: 15/15 MP: 3/5
   350 | D:1      | Reached skill level 4 in Earth Magic
   876 | D:2      | Reached XP level 3. HP: 19/19 MP: 4/6
   921 | D:2      | Found a faded altar of an unknown god.
  1132 | D:2      | You fall into a shaft and drop 2 floors!
  1132 | D:4      | Found Haulocev's Antique Armour Shoppe.
  1136 | D:4      | Reached skill level 5 in Earth Magic
  1136 | D:4      | Reached XP level 4. HP: 24/24 MP: 4/8
  1589 | D:3      | Reached XP level 5. HP: 24/28 MP: 2/9
  1680 | D:2      | Noticed Natasha
  1686 | D:2      | Killed Natasha
  1877 | D:2      | Noticed Terence
  1891 | D:2      | Killed Terence
  1947 | D:2      | Found a hide-covered altar of Uskayaw.
  2135 | D:2      | Noticed Natasha
  2141 | D:2      | Killed Natasha
  2305 | D:2      | Noticed Natasha
  2309 | D:2      | Killed Natasha
  2310 | D:2      | Reached skill level 1 in Short Blades
  2310 | D:2      | Reached XP level 6. HP: 26/32 MP: 8/11
  2923 | D:3      | Found Nouthron's Magic Scroll Shoppe.
  3455 | D:4      | Noticed Edmund
  3470 | D:4      | Killed Edmund
  3471 | D:4      | Reached skill level 6 in Earth Magic
  3622 | D:4      | Reached XP level 7. HP: 37/37 MP: 9/13
  3897 | D:4      | Reached skill level 5 in Spellcasting
  4028 | D:4      | Reached skill level 7 in Earth Magic
  4747 | D:5      | Entered Level 5 of the Dungeon
  4747 | D:5      | Found Toux's One-of-a-Kind Rings.
  4760 | D:5      | Identified the +2 leather armour of the Ward {Rampage Will-
                  | Str+4}
  4787 | D:4      | Reached XP level 8. HP: 31/42 MP: 10/16
  4791 | D:4      | Reached skill level 1 in Fighting
  5024 | D:5      | Found a radiant altar of Vehumet.
  5031 | D:5      | Found a sparkling altar of Nemelex Xobeh.
  5095 | D:5      | Reached skill level 8 in Earth Magic
  5511 | D:5      | Learned a level 2 spell: Passwall
  5515 | D:5      | Learned a level 3 spell: Stone Arrow
  5517 | D:5      | Learned a level 1 spell: Animate Skeleton
  5642 | D:5      | Noticed Ijyb
  5649 | D:5      | Killed Ijyb
  5653 | D:5      | Found Taphumy's Magic Scroll Shop.
  6019 | D:6      | Found a staircase to the Ecumenical Temple.
  6063 | Temple   | Entered the Ecumenical Temple
  6258 | D:6      | Reached skill level 1 in Conjurations
  6258 | D:6      | Reached XP level 9. HP: 43/47 MP: 4/19
  6369 | D:6      | Reached skill level 9 in Earth Magic
  6926 | D:7      | Noticed a troll
  6930 | D:7      | Killed a troll
  6999 | D:7      | Noticed a komodo dragon
  7005 | D:7      | Killed a komodo dragon
  7068 | D:7      | Noticed a troll
  7086 | D:7      | Found an ancient bone altar of Kikubaaqudgha.
  7086 | D:7      | Found a hide-covered altar of Uskayaw.
  7086 | D:7      | Found a hide-covered altar of Uskayaw.
  7086 | D:7      | Found a hazy altar of Hepliaklqana.
  7124 | D:7      | Slain by a troll

Illustrated notes

Levels and vault maps discovered:
D:1:      lightli_arrival_quake, layout_basic
D:2:      layout_loops_ring, basic_altar, nicolae_ecumenical_lake_church,
          uniq_natasha, uniq_terence
D:3:      layout_basic, serial_shops, nicolae_shop_behind_doors,
          serial_bayou_lagoon_a
D:4:      minmay_razor_zed, layout_gridville, serial_shops,
          nicolae_shop_temple_entry_statues_fountains, minmay_manual_monstrance,
          uniq_edmund
D:5:      layout_basic, chequers_temple_overflow_statue_of_worship,
          serial_shops, nicolae_shop_window_shopping, nicolae_shop_unique_rings,
          minmay_between, uniq_ijyb
D:6:      layout_basic, temple_pool_b, hex_intersection, grunt_decor_fettered
D:7:      minmay_the_grid_octo_2x2 [minmay_the_grid_octo_77,
          minmay_the_grid_octo_pinwheel, minmay_the_grid_octo_shrine,
          minmay_the_grid_octo_prize_star], layout_loops_corners,
          minmay_unpleasant_kobolds, uniq_crazy_yiuf_cottage,
          uniq_prince_ribbit1, uniq_harold
Temple:   mainiacjoe_temple_coin_purse

Skill      XL: |  1  2  3  4  5  6  7  8  9 |
---------------+----------------------------+-----
Earth Magic    | 4 5 6 7 8 9 |  9.8
Spellcasting   | 3 4 5 6 7 |  7.8
Short Blades   | 1 2 3 |  3.0
Dodging        | 2 3 |  3.0
Fighting       | 1 |  1.5
Stealth        | 3 |  3.5
Conjurations   | 1 3 |  3.0
Unarmed Combat | |  0.1
Necromancy     | |  0.3
Transmutations | |  0.9

Action                   |  1- 3 |  4- 6 |  7- 9 || total
-------------------------+-------+-------+-------++-------
Melee: Unarmed           |    12 |       |       ||    12
       Dagger            |       |    39 |   106 ||   145
 Cast: Sandblast         |    43 |    63 |    92 ||   198
       Stone Arrow       |       |       |    36 ||    36
       Passwall          |       |       |     2 ||     2
       Animate Skeleton  |       |       |     1 ||     1
  Use: Scroll            |       |     4 |     5 ||     9
 Stab: Sleeping          |       |       |     1 ||     1
Armor: Robe              |    10 |    10 |    63 ||    83
Dodge: Dodged            |    16 |    38 |    92 ||   146
